 Dungeon Crawl Stone Soup version 0.30-a0-691-g754fce4c43 (webtiles) character file.

Game seed: 10957963336688906333

435 Darius099 the Covered (level 7, 0/44 HPs)
             Began as a Gargoyle Fighter on Jan 19, 2023.
             Slain by Dowan
             ... wielding a +0 dagger
              (3 damage)
             ... on level 5 of the Dungeon.
             The game lasted 00:07:18 (3258 turns).

Darius099 the Covered (Gargoyle Fighter)            Turns: 3258, Time: 00:07:19

Health: 0/44       AC: 14    Str: 19    XL:     7   Next: 0%
Magic:  7/7        EV:  9    Int:  9    God:
Gold:   333        SH:  7    Dex: 11    Spells: 6/6 levels left

rFire   . . .      SeeInvis .    g - +1 whip (venom)
rCold   . . .      Faith    .    w - +2 buckler
rNeg    + . .      Spirit   .    b - +0 scale mail
rPois   ∞          Reflect  .    v - +0 helmet
rElec   +          Harm     .    (no cloak)
rCorr   .          Rampage  .    (no gloves)
Will    .....                    s - +0 pair of boots Stlth
                                 (no amulet)
HPRegen 0.27/turn                i - ring of willpower
MPRegen 0.10/turn                (no ring)

@: lit by a corona, weak-willed, glowing
A: sickness immunity, AC +4, negative energy resistance 1, electricity
resistance, torment resistance 1, petrification resistance
a: no special abilities


You were on level 5 of the Dungeon.
You visited 1 branch of the dungeon, and saw 5 of its levels.

You collected 333 gold pieces.

Inventory:

Hand Weapons
 a - a +0 flail
 g - a +1 whip of venom (weapon)
Missiles
 u - a throwing net (quivered)
Armour
 b - a +0 scale mail (worn)
 s - a +0 pair of boots (worn)
 v - a +0 helmet (worn)
 w - a +2 buckler (worn)
Jewellery
 i - a ring of willpower (left hand)
Scrolls
 f - a scroll of enchant weapon {unknown}
 h - 2 scrolls of poison {unknown}
 j - a scroll of torment {unknown}
 o - 2 scrolls of teleportation
 r - 2 scrolls of magic mapping {unknown}
Potions
 c - 2 potions of magic {unknown}
 d - 2 potions of might
 e - 2 potions of curing
 m - a potion of haste {unknown}
 n - 3 potions of attraction {unknown}
 p - a potion of brilliance {unknown}
 q - a potion of berserk rage {unknown}
 t - a potion of cancellation {unknown}


   Skills:
 + Level 5.0 Fighting
 + Level 3.9 Maces & Flails
 + Level 5.1 Armour
 + Level 5.0 Shields


You had 6 spell levels left.
You didn't know any spells.
Your spell library contained the following spells:

 Spells                   Type           Power      Damage    Failure   Level
 Sandblast                Erth           0%         2d4       83%         1
 Blink                    Tloc           0%         N/A       92%         2
 Lesser Beckoning         Tloc           0%         N/A       92%         2
 Momentum Strike          Conj/Tloc      0%         3d8       92%         2
 Passwall                 Tmut/Erth      0%         N/A       92%         2
 Stone Arrow              Conj/Erth      0%         3d7       99%         3


Dungeon Overview and Level Annotations

Branches:
Dungeon (5/15)
 Temple: D:4-7

Altars:
Vehumet
Wu Jian

Annotations:
D:5 Dowan


Innate Abilities, Weirdness & Mutations

You are immune to sickness and miasma.
Your stone body is resilient. (AC +4)
You are immune to poison.
You resist negative energy. (rN+)
You are resistant to electric shocks. (rElec)
You are resistant to unholy torment.
You are immune to petrification.


Message History

As you read the scroll labelled TUH ENKIDD, it crumbles to dust.
Magic quickly surges around you.
It was a scroll of vulnerability.
Dowan completely misses you. You block Duvessa's attack.
The orc hits you but does no damage.
It was a potion of curing.
You feel better. Dowan closely misses you. Duvessa barely misses you.
The orc hits you but does no damage.
As you read the scroll labelled IGAWIR ENIADDE, it crumbles to dust.
It is a scroll of identify.
o - 3 scrolls of teleportation Dowan hits you but does no damage.
The orc barely misses you.
Duvessa hits you with a +2 short sword of freezing.
* * * LOW HITPOINT WARNING * * *
Duvessa freezes you.
* * * LOW HITPOINT WARNING * * *
As you read the scroll of teleportation, it crumbles to dust.
You feel strangely unstable. Dowan hits you but does no damage.
You block Duvessa's attack. The orc hits you but does no damage.
Dowan mumbles some strange words.
Dowan blinks!
The orc attacks as you move away! You block the orc's attack.
The orc attacks as you move away! The orc hits you with a +0 mace.
* * * LOW HITPOINT WARNING * * *
Your surroundings suddenly seem different.
You kill Duvessa!
Dowan's eyes darken. "You have made a black mistake."
Dowan seems to find hidden reserves of power!
Your Fighting skill increases to level 5!
Your Armour skill increases to level 5!
Your Shields skill increases to level 5!
You have reached level 7!
You hit Dowan but do no damage.
Dowan is poisoned.
Dowan completely misses you. Dowan hits you but does no damage.
You hit Dowan.
Dowan looks as sick as possible!
Dowan is lightly wounded.
Dowan hits you with a +0 dagger.
* * * LOW HITPOINT WARNING * * *
You closely miss Dowan.
Dowan is lightly wounded.
Dowan hits you with a +0 dagger.
You die...

##.<#$.#.###.
##......#.#...
#.........$.##
.........#...#
.............#
.............########
..........#.........#
(.........##........#
#.......o###...e@...#
.........#..........#
........!.)#........#
.........o##........#
..........##........#
..........###########
..........#
#........## #......##


You could see Dowan (fast, extremely poisoned, weak-willed).

Vanquished Creatures
  Duvessa (D:5)
  A necrophage (D:4)
  2 orc priests
  2 iguanas
  2 orc wizards
  4 adders
  A worm (D:4)
  3 dart slugs
  8 orcs
  5 endoplasms
  2 giant cockroaches
  3 goblins
  3 hobgoblins
  6 jackals (D:1)
  4 quokkas
  7 ball pythons
  4 bats
  A frilled lizard (D:1)
  9 kobolds
  6 rats
74 creatures vanquished.

Vanquished Creatures (others)
  An orc (D:3)
1 creature vanquished.

Grand Total: 75 creatures vanquished

Notes
Turn   | Place    | Note
-------+----------+-------------------------------------------
     0 | D:1      | Darius099 the Gargoyle Fighter began the quest for the Orb.
     0 | D:1      | Reached XP level 1. HP: 14/14 MP: 1/1
    98 | D:1      | Reached XP level 2. HP: 14/19 MP: 2/2
   434 | D:1      | Reached XP level 3. HP: 23/23 MP: 3/3
  1175 | D:2      | Reached XP level 4. HP: 29/29 MP: 4/4
  2118 | D:3      | Found a radiant altar of Vehumet.
  2146 | D:3      | Reached XP level 5. HP: 20/33 MP: 5/5
  2415 | D:3      | Found a faded altar of an unknown god.
  2717 | D:4      | Reached XP level 6. HP: 25/39 MP: 6/6
  2878 | D:4      | Found an ornate altar of the Wu Jian Council.
  3213 | D:5      | Entered Level 5 of the Dungeon
  3229 | D:5      | Noticed Duvessa
  3229 | D:5      | Noticed Dowan
  3254 | D:5      | Killed Duvessa
  3255 | D:5      | Reached skill level 5 in Fighting
  3255 | D:5      | Reached skill level 5 in Armour
  3255 | D:5      | Reached skill level 5 in Shields
  3255 | D:5      | Reached XP level 7. HP: 5/44 MP: 7/7
  3258 | D:5      | Slain by Dowan

Illustrated notes

Levels and vault maps discovered:
D:1:      onia_arrival_mini_spirals, layout_rooms
D:2:      layout_basic
D:3:      minmay_recursive_quarters, layout_basic, fiery_altar_vehumet,
          shapermc_ecumenical_altar_hornbeckon, minmay_misc_feat_enclosed,
          nicolae_figureground_sparkle
D:4:      layout_loops_ring, nzn_wu_jian_council_hall
D:5:      layout_rooms, general_overflow_altar, minmay_temple_entry_slanted,
          uniq_eustachio, uniq_duvessa

Skill      XL: |  1  2  3  4  5  6 |
---------------+-------------------+-----
Armour         | 4 5 |  5.1
Shields        | 4 5 |  5.0
Fighting       | 4 5 |  5.0
Maces & Flails | 3 |  3.9

Action                   |  1- 3 |  4- 6 |  7- 9 || total
-------------------------+-------+-------+-------++-------
Melee: Flail             |    34 |       |       ||    34
       Whip              |    69 |   143 |     3 ||   215
  Use: Scroll            |       |     3 |       ||     3
       Potion            |       |     1 |       ||     1
Armor: Scale mail        |    65 |    78 |     1 ||   144
Dodge: Dodged            |    59 |    49 |     1 ||   109
Block: Buckler           |    24 |    41 |       ||    65

Table legend: (Time is in decaauts)
 A = Elapsed time spent in this place.
 B = Non-inter-level travel time spent in this place.
 C = Inter-level travel time spent in this place.
 D = Time resting spent in this place.
 E = Time spent auto-exploring this place.
 F = Levels seen in this place.
 G = Mean time per level.
                   A        B        C        D        E       F      G
               +--------+--------+--------+--------+--------+-----+--------+
         Total |   3270 |   3164 |    106 |    111 |   2241 |   5 |  654.0 |
       Dungeon |   3270 |   3164 |    106 |    111 |   2241 |   5 |  654.0 |
               +--------+--------+--------+--------+--------+-----+--------+

Top non-repeatable levels by time:
     D:2: 942 daAuts
     D:3: 940 daAuts
     D:4: 752 daAuts
     D:1: 590 daAuts
     D:5: 44 daAuts
